 Dungeon Crawl Stone Soup version 0.28.0-56-g4927b6849a (webtiles) character file.

Game seed: 17722797718598787822

57 AarnesTheHuman the Skirmisher (level 4, 0/41 HPs)
             Began as a Hill Orc Fighter on Feb 6, 2023.
             Slain by Robin
             ... wielding a +0 trident
              (5 damage)
             ... on level 3 of the Dungeon.
             The game lasted 00:02:31 (2082 turns).

AarnesTheHuman the Skirmisher (Hill Orc Fighter)    Turns: 2082, Time: 00:02:32

Health: 0/41       AC:  6    Str: 20    XL:     4   Next: 0%
Magic:  4/4        EV:  9    Int:  8    God:
Gold:   180        SH:  4    Dex: 10    Spells: 3/3 levels left

rFire   . . .      SeeInvis .   a - +0 war axe
rCold   . . .      Faith    .   c - +0 buckler
rNeg    . . .      Spirit   .   b - +0 scale mail
rPois   .          Reflect  .   (no helmet)
rElec   .          Harm     .   (no cloak)
rCorr   .          Rampage  .   (no gloves)
Will    .....                   (no boots)
Stlth   ..........              (no amulet)
HPRegen 0.13/turn               (no ring)
MPRegen 0.09/turn               (no ring)

@: no status effects
A: no striking features
a: no special abilities


You were on level 3 of the Dungeon.
You visited 1 branch of the dungeon, and saw 3 of its levels.

You collected 180 gold pieces.

Inventory:

Hand Weapons
 a - a +0 war axe (weapon)
Armour
 b - a +0 scale mail (worn)
 c - a +0 buckler (worn)
Scrolls
 e - 4 scrolls of identify {unknown}
 g - a scroll of summoning {unknown}
 h - a scroll of teleportation {unknown}
Potions
 d - 2 potions of might
 f - a potion of curing {unknown}


   Skills:
 + Level 4.4 Fighting
 + Level 3.9 Axes
 - Level 3.2 Armour
 + Level 4.0 Shields


You had 3 spell levels left.
You didn't know any spells.
Your spell library contained the following spells:

 Spells                   Type           Power      Damage    Failure   Level
 Summon Small Mammal      Summ           0%         N/A       85%         1
 Call Canine Familiar     Summ           0%         N/A       99%         3
 Summon Guardian Golem    Hex/Summ       0%         N/A       99%         3


Dungeon Overview and Level Annotations

Branches:
Dungeon (3/15)

Altars:
Zin

Shops:
D:1 *

Annotations:
D:3 Robin


Message History

You kill the goblin!
Robin throws the goblin at you! The goblin hits you with a +0 dagger.
Your Shields skill increases to level 4!
You closely miss the goblin. You hit the goblin.
You kill the goblin!
The goblin hits you with a +0 club.
Robin roars a battlecry!
The goblins go into a battle-frenzy!
You hit the goblin.
The goblin is severely wounded.
The goblin hits you but does no damage. Robin misses you.
You closely miss the goblin.
The goblin is severely wounded.
The goblin hits you with a +0 club. Robin throws the goblin at you!
The goblin closely misses you. The goblin hits you but does no damage.
You block Robin's attack. The goblin barely misses you.
You miss the goblin.
The goblin is severely wounded.
You slash the goblin!
You kill the goblin!
You block the goblin's attack.
Robin hits you from afar with a +0 trident.
You have reached level 4!
You are too injured to fight recklessly!
You are too injured to fight recklessly!
You are too injured to fight recklessly!
You miss the goblin.
The goblin is severely wounded.
You block the goblin's attack. Robin throws the goblin at you!
Robin hits you with a +0 trident!
Things that are here:
a +0 dagger; a +0 hunting sling; 17 stones You hit Robin.
Robin is lightly wounded.
You miss the goblin. The goblin hits you with a +0 club.
* * * LOW HITPOINT WARNING * * *
You block Robin's attack. The goblin hits you with a +0 club.
* * * LOW HITPOINT WARNING * * *
Robin hits you with a +0 trident.
You die...

.#.#.######
....ggg@g)##
.#.#.####))#
#..).## ..#
#.....# ...#
#...#.#####...#
+...+.†...>...+
#...##.###....#
#...##........#
#...##........#


You could see Robin, a hobgoblin (strong) and 2 goblins.

Vanquished Creatures
  A dart slug (D:1)
  An orc (D:3)
  An endoplasm (D:1)
  3 giant cockroaches (D:2)
  12 goblins
  3 hobgoblins (D:1)
  6 jackals
  A quokka (D:1)
  7 ball pythons
  3 bats
  6 frilled lizards
  3 kobolds
  3 rats
50 creatures vanquished.

Vanquished Creatures (others)
  A fungus (D:1)
  A plant (D:1)
2 creatures vanquished.

Grand Total: 52 creatures vanquished

Notes
Turn   | Place    | Note
-------+----------+-------------------------------------------
     0 | D:1      | AarnesTheHuman the Hill Orc Fighter began the quest for the
                  | Orb.
     0 | D:1      | Reached XP level 1. HP: 19/19 MP: 1/1
   194 | D:1      | Found Goijem's General Store.
   287 | D:1      | Reached XP level 2. HP: 27/27 MP: 2/2
   809 | D:1      | Reached XP level 3. HP: 33/33 MP: 3/3
  1664 | D:2      | Found a faded altar of an unknown god.
  2006 | D:3      | Found a glowing silver altar of Zin.
  2006 | D:3      | Noticed an angel
  2070 | D:3      | Noticed Robin
  2080 | D:3      | Reached XP level 4. HP: 19/41 MP: 4/4
  2082 | D:3      | Slain by Robin

Illustrated notes

Levels and vault maps discovered:
D:1:      wander_arrival_fairy_ring, layout_loops_corners, serial_rivers,
          chequers_serial_rivers_large_b, chequers_serial_rivers_micro_b,
          chequers_serial_rivers_room_a, chequers_serial_rivers_micro_d,
          serial_shops, nicolae_shop_advertising_works
          [nicolae_subvault_shop_adworks], minmay_misc_feat_tower
D:2:      layout_basic, hellmonk_ecumenical_altar_crossroads
D:3:      layout_basic, mainiacjoe_overflow_catwalk, zin_angel, uniq_robin

Skill      XL: |  1  2  3 |
---------------+----------+-----
Axes           | 3 |  3.9
Fighting       | 4 |  4.4
Shields        | 4 |  4.0
Armour         | |  3.2

Action                   |  1- 3 |  4- 6 || total
-------------------------+-------+-------++-------
Melee: War axe           |   101 |     2 ||   103
Armor: Scale mail        |    58 |     1 ||    59
Dodge: Dodged            |    49 |       ||    49
Block: Buckler           |    24 |     2 ||    26
